 Dungeon Crawl Stone Soup version 0.31-a0-728-g01b46875f1 (webtiles) character file.

Game seed: 16726845195996215199

409 Dirtsage the Changeling (level 6, 0/49 HPs)
             Began as a Demonspawn Shapeshifter on Sept 11, 2023.
             Slain by a river rat (5 damage)
             ... summoned by Eustachio
             ... on level 4 of the Dungeon.
             The game lasted 00:05:58 (3714 turns).

Dirtsage the Changeling (Demonspawn Shapeshifter)   Turns: 3714, Time: 00:05:58

Health: 0/49       AC:  5    Str: 16    XL:     6   Next: 58%
Magic:  6/6        EV: 11    Int: 12    God:
Gold:   123        SH:  4    Dex: 12    Spells: 5/5 levels left

rFire   . .          .
                       - Unarmed
rCold   . . .        (no shield)
rNeg    . . .        h - +0 ring mail
rPois   .            (helmet currently unavailable)
rElec   .            (cloak currently unavailable)
rCorr   .            (gloves currently unavailable)
SInv    .            (boots currently unavailable)
Will    .....        (no amulet)
Stlth   +            (no ring)
HPRegen 0.28/turn    (no ring)
MPRegen 0.10/turn

%: no passive effects
@: brilliant, beast-form
A: beast (slay +2), demonic guardian 1, condensation shield
a: Begin Untransformation


You were on level 4 of the Dungeon.
You were a hulking beast.
You visited 1 branch of the dungeon, and saw 4 of its levels.

You collected 123 gold pieces.

Inventory:

Missiles
 o - a throwing net
Armour
 a - a +0 animal skin
 h - a +0 ring mail (worn)
 r - a +0 cloak
Magical Staves
 j - a staff of conjuration
 p - a staff of poison
Talismans
 c - a beast talisman (active)
 d - a flux talisman
Wands
 w - a wand of paralysis (10)
Scrolls
 e - 2 scrolls of amnesia {unknown}
 f - a scroll of poison {unknown}
 k - 2 scrolls of noise {unknown}
 m - 2 scrolls of revelation {unknown}
 n - 2 scrolls of blinking {unknown}
 q - 2 scrolls of identify {unknown}
 s - 2 scrolls of brand weapon {unknown}
 t - 4 scrolls of teleportation
 u - a scroll of enchant weapon {unknown}
Potions
 g - a potion of invisibility {unknown}
 i - a potion of brilliance
 l - a potion of ambrosia {unknown}
 v - a potion of might {unknown}


   Skills:
 + Level 4.6 Fighting
 - Level 1.7 Dodging
 + Level 3.1 Unarmed Combat
 + Level 4.7 Shapeshifting


You had 5 spell levels left.
You didn't know any spells.
Your spell library contained the following spells:

 Spells                   Type           Power      Damage    Failure   Level
 Summon Small Mammal      Summ           0%         N/A       54%         1
 Call Canine Familiar     Summ           0%         N/A       88%         3
 Gell's Gravitas          Tloc           0%         N/A       88%         3
 Summon Guardian Golem    Hex/Summ       0%         N/A       88%         3
 Teleport Other           Tloc           0%         N/A       88%         3
 Dispersal                Tloc           0%         N/A       100%        6


Dungeon Overview and Level Annotations

Branches:
Dungeon (4/15)
 Temple: D:4-7

Altars:
Okawaru

Annotations:
D:4 Eustachio


Innate Abilities, Weirdness & Mutations

You are a hulking beast.
Your limbs bulge with bestial killing power. (Slay +2)
A weak demonic guardian rushes to your aid.
A meltable shield of frost defends you. (SH +4)


Message History

Eustachio is severely wounded.
You block the bat's attack. The bat misses you. Eustachio barely misses you.
The river rat barely misses you.
You hit Eustachio but do no damage. Your punch misses Eustachio.
Eustachio is severely wounded.
The bat closely misses you.
Eustachio mumbles some strange words.
The river rat bites you!
* * * LOW HITPOINT WARNING * * *
A demonic guardian appears!
You take 8 damage, and have 6/49 hp.
You barely miss Eustachio.
Eustachio is severely wounded.
The bat hits you but does no damage. x2; Eustachio hits you but does no damage.
The river rat completely misses you.
Your quasit bites the bat.
Your quasit misses the bat.
Your quasit claws the bat.
The bat dies!
The bat's corpse disappears in a puff of smoke!
The quokka twitches its whiskers.
Eustachio screams, "Hey, you killed my favourite bat!"
You block the river rat's attack.
Your quasit bites Eustachio but does no damage.
Your quasit claws Eustachio but does no damage. x2
Eustachio misses your quasit.
The iron imp closely misses your quasit.
You completely miss the river rat.
Your quasit closely misses Eustachio.
Your quasit claws Eustachio but does no damage. x2
Eustachio casts a spell.
The river rat bites you.
* * * LOW HITPOINT WARNING * * *
Your quasit barely misses Eustachio.
Your quasit claws Eustachio but does no damage.
Your quasit claws Eustachio.
The iron imp misses your quasit.
You take 2 damage, and have 5/49 hp.
It was a potion of brilliance.
You feel clever all of a sudden.
The quokka disappears in a puff of smoke!
Eustachio hits your quasit with a +0 rapier.
The river rat bites you.
You die...

## ####.# .###....#
#####
.##.....#######...#
...)........ .....#
.##)....### #r5.#
.###....########5#####
.# ####........5@r...#
)# ###.######r###.# .#
#.# #h# .# #.# #.# .#
#.# #.## .# #.# #..#
.# #.## ##.# .# #..#
#.# .### #..# #.# #
...# #..######.##.#
.#.# #........#...#


You could see Eustachio (distracted, ally target), an iron imp (summoned), a
river rat (summoned), a white imp (summoned), a quokka (summoned), a rat
(summoned) and a friendly quasit (summoned).

Vanquished Creatures
  A bullfrog (D:4)
  2 jellies (D:4)
  An orc priest (D:4)
  2 adders (D:4)
  2 orcs (D:4)
  14 endoplasms
  4 giant cockroaches
  10 goblins
  5 hobgoblins
  4 jackals (D:4)
  4 quokkas
  6 ball pythons
  3 bats
  6 frilled lizards
  13 kobolds
  4 rats
81 creatures vanquished.

Vanquished Creatures (collateral kills)
  An ogre (D:4)
  A jelly (D:4)
  Crazy Yiuf (D:2)
  A ball python (D:1)
  2 endoplasms (D:4)
  2 rats
8 creatures vanquished.

Vanquished Creatures (others)
  An orc wizard (D:4)
1 creature vanquished.

Grand Total: 90 creatures vanquished

Notes
Turn   | Place    | Note
-------+----------+-------------------------------------------
     0 | D:1      | Dirtsage the Demonspawn Shapeshifter began the quest for
                  | the Orb.
     0 | D:1      | Reached XP level 1. HP: 15/15 MP: 1/1
   292 | D:1      | Gained mutation: A weak demonic guardian rushes to your
                  | aid. [demonic ancestry]
   292 | D:1      | Reached XP level 2. HP: 21/21 MP: 2/2
   610 | D:1      | Found a faded altar of an unknown god.
   913 | D:2      | Reached XP level 3. HP: 26/27 MP: 3/3
  1530 | D:2      | Found a runed translucent door.
  1531 | D:2      | Noticed Crazy Yiuf
  1770 | D:2      | Killed Crazy Yiuf
  1771 | D:2      | Reached XP level 4. HP: 16/34 MP: 2/4
  2010 | D:3      | Found an iron altar of Okawaru.
  2445 | D:4      | Noticed a bullfrog
  2470 | D:4      | Killed a bullfrog
  2471 | D:4      | Reached XP level 5. HP: 6/41 MP: 5/5
  3119 | D:4      | Gained mutation: A meltable shield of frost defends you.
                  | (SH +4) [demonic ancestry]
  3119 | D:4      | Reached XP level 6. HP: 26/48 MP: 6/6
  3679 | D:4      | Noticed Eustachio
  3714 | D:4      | Slain by a river rat

Illustrated notes

Levels and vault maps discovered:
D:1:      lightli_arrival_statuegarden, layout_basic,
          hellmonk_ecumenical_altar_run_dry
D:2:      layout_basic, corexii_corridor_pit, uniq_crazy_yiuf_cottage
D:3:      layout_loops_ring, okawaru_gym_becter
D:4:      cheibrodos_fertilizer, layout_loops_ring, serial_shops,
          kennysheep_mini, uniq_eustachio

Skill      XL: |  1  2  3  4  5  6 |
---------------+-------------------+-----
Shapeshifting  | 3 4 |  4.7
Fighting       | 2 3 4 |  4.6
Unarmed Combat | 3 |  3.1
Dodging        | |  1.7

Action                     |  1- 3 |  4- 6 || total
---------------------------+-------+-------++-------
  Melee: Unarmed           |    98 |   185 ||   283
         Punch             |     1 |     6 ||     7
  Throw: Throwing net      |       |     1 ||     1
    Use: Scroll            |     1 |       ||     1
         Potion            |       |     2 ||     2
   Stab: Sleeping          |     2 |       ||     2
 Armour: Animal skin       |    12 |       ||    12
         Ring mail         |    40 |   109 ||   149
         Skin              |       |     6 ||     6
  Dodge: Dodged            |    38 |    78 ||   116
  Block: Other             |       |    16 ||    16

Table legend: (Time is in decaauts)
 A = Elapsed time spent in this place.
 B = Non-inter-level travel time spent in this place.
 C = Inter-level travel time spent in this place.
 D = Time resting spent in this place.
 E = Time spent auto-exploring this place.
 F = Levels seen in this place.
 G = Mean time per level.
                   A        B        C        D        E       F      G
               +--------+--------+--------+--------+--------+-----+--------+
         Total |   3699 |   3668 |     31 |    262 |   2821 |   4 |  924.8 |
       Dungeon |   3699 |   3668 |     31 |    262 |   2821 |   4 |  924.8 |
               +--------+--------+--------+--------+--------+-----+--------+

Top non-repeatable levels by time:
     D:4: 1275 daAuts
     D:2: 1034 daAuts
     D:1: 802 daAuts
     D:3: 587 daAuts
